 Dungeon Crawl Stone Soup version 0.31-a0-145-g046c7d2549 (webtiles) character file.

Game seed: 3601269194406080682

49 Faragor the Conjurer (level 3, -1/19 HPs)
             Began as a Deep Elf Conjurer on June 5, 2023.
             Slain by a black bear (5 damage)
             ... on level 3 of the Dungeon.
             The game lasted 00:05:21 (3318 turns).

Faragor the Conjurer (Deep Elf Conjurer)            Turns: 3318, Time: 00:05:22

Health: -1/19      AC:  2    Str:  4    XL:     3   Next: 53%
Magic:  5/10       EV: 13    Int: 24    God:
Gold:   58         SH:  0    Dex: 13    Spells: 6/9 levels left

rFire   . . .        c - staff of earth
rCold   . . .        (no shield)
rNeg    . . .        a - +0 robe
rPois   .            (no helmet)
rElec   .            (no cloak)
rCorr   .            (no gloves)
SInv    .            (no boots)
Will    .....        (no amulet)
Stlth   ++           (no ring)
HPRegen 0.23/turn    (no ring)
MPRegen 0.12/turn

%: no passive effects
@: no status effects
A: no striking features
a: no special abilities


You were on level 3 of the Dungeon.
You visited 1 branch of the dungeon, and saw 3 of its levels.

You collected 58 gold pieces.

Inventory:

Hand Weapons
 f - a +2 whip of draining
Armour
 a - a +0 robe (worn)
Magical Staves
 c - a staff of earth (weapon)
Scrolls
 d - a scroll of fog
 e - 2 scrolls of brand weapon
Potions
 b - a potion of magic
 g - a potion of cancellation {unknown}
 h - a potion of mutation {unknown}


   Skills:
 + Level 3.2 Dodging
 + Level 3.3 Stealth
 + Level 3.7 Spellcasting
 + Level 4.8 Conjurations


You had 6 spell levels left.
You knew the following spells:

 Your Spells              Type           Power      Damage    Failure   Level
a - Magic Dart            Conj           100%       1d8       1%          1
b - Searing Ray           Conj           54%        2d6       2%          2

Your spell library contained the following spells:

 Spells                   Type           Power      Damage    Failure   Level
 Dazzling Flash           Conj/Hex       32%        N/A       11%         3
 Fulminant Prism          Conj/Hex       8%         3d7       36%         4
 Iskenderun's Mystic Bla  Conj/Tloc      16%        2d5       36%         4


Dungeon Overview and Level Annotations

Branches:
Dungeon (3/15)

Altars:


Message History

Aiming: Magic Dart (safe; 1% risk of failure)
Press: ? - help, Shift-Dir - straight line, f/p - bat
Aim: a bat (severely wounded, 100% to hit)
The magic dart hits the bat.
You kill the bat!
You start resting.
Magic restored.
You start waiting.
Done waiting.
A black bear comes into view.
Casting: Magic Dart (safe; 1% risk of failure)
Confirm with . or Enter, or press ? or * to list all spells.
Okay, then.
Casting: Magic Dart (safe; 1% risk of failure)
Confirm with . or Enter, or press ? or * to list all spells.
Aiming: Searing Ray (safe; 2% risk of failure)
Press: ? - help, Shift-Dir - straight line, f - black bear
Aim: a black bear (wandering, hasn't noticed you, 85% to hit)
The searing ray hits the black bear!
The black bear is moderately wounded.
The black bear growls angrily. (Press . to maintain the ray.)
The searing ray misses the black bear.
You hear an angry hiss.
A ball python comes into view.
You hear an angry hiss.
The searing ray misses the black bear.
The searing ray misses the ball python.
The black bear bites you but does no damage.
The black bear claws you but does no damage.
The black bear claws you.
The searing ray hits the black bear.
The black bear is moderately wounded.
The searing ray hits the ball python.
You kill the ball python!
You finish channelling your searing ray.
The black bear barely misses you. The black bear claws you. x2
The black bear bites you.
* * * LOW HITPOINT WARNING * * *
The black bear claws you.
You die...

#. #.# #.# #.# #.#
#.#
#.############.####
#..........@h......
#).###########.####
#..# #<.# ##.# #.#
#.# #.# .#


You could see a black bear.

Vanquished Creatures
  A dart slug (D:1)
  An orc (D:2)
  4 ball pythons
  5 endoplasms
  2 giant cockroaches (D:2)
  2 goblins (D:1)
  2 hobgoblins (D:1)
  6 jackals
  3 quokkas
  3 bats
  3 frilled lizards
  5 kobolds
  2 rats (D:1)
39 creatures vanquished.

Notes
Turn   | Place    | Note
-------+----------+-------------------------------------------
     0 | D:1      | Faragor the Deep Elf Conjurer began the quest for the Orb.
     0 | D:1      | Reached XP level 1. HP: 10/10 MP: 6/6
   515 | D:1      | Reached XP level 2. HP: 15/15 MP: 6/8
  1633 | D:1      | Learned a level 2 spell: Searing Ray
  1843 | D:2      | Reached XP level 3. HP: 19/19 MP: 7/10
  3313 | D:3      | Noticed a black bear
  3318 | D:3      | Slain by a black bear

Illustrated notes

Levels and vault maps discovered:
D:1:      roderic_octagonal_star, layout_rooms, serial_forest,
          infiniplex_forest_lined_4_way, infiniplex_forest_lined_2,
          infiniplex_forest_clump_cross, infiniplex_forest_corner_1,
          infiniplex_forest_lined_room_, infiniplex_forest_lined_room_2,
          infiniplex_forest_end_2, infiniplex_forest_lined_4_way,
          infiniplex_forest_clump_small, serial_bayou_lagoon_b
D:2:      layout_loops_cross
D:3:      layout_basic

Skill      XL: |  1  2 |
---------------+-------+-----
Stealth        | 3 |  3.3
Dodging        | 3 |  3.2
Spellcasting   | |  3.7
Conjurations   | |  4.8

Action                     || total
---------------------------++-------
  Melee: Staff             ||     2
   Cast: Magic Dart        ||    60
         Searing Ray       ||     5
    Use: Scroll            ||     4
 Armour: Robe              ||     3
  Dodge: Dodged            ||     2

Table legend: (Time is in decaauts)
 A = Elapsed time spent in this place.
 B = Non-inter-level travel time spent in this place.
 C = Inter-level travel time spent in this place.
 D = Time resting spent in this place.
 E = Time spent auto-exploring this place.
 F = Levels seen in this place.
 G = Mean time per level.
                   A        B        C        D        E       F      G
               +--------+--------+--------+--------+--------+-----+--------+
         Total |   3327 |   3268 |     59 |   1647 |   1352 |   3 | 1109.0 |
       Dungeon |   3327 |   3268 |     59 |   1647 |   1352 |   3 | 1109.0 |
               +--------+--------+--------+--------+--------+-----+--------+

Top non-repeatable levels by time:
     D:1: 1663 daAuts
     D:2: 1516 daAuts
     D:3: 147 daAuts
